 Dungeon Crawl Stone Soup version 0.21-a0-274-gc1afaeb (webtiles) character file.

1114 Lavandula the Cleaver (level 8, -1/61 (62) HPs)
             Began as a Ghoul Warper on Sept 18, 2017.
             Was a Follower of Uskayaw.
             Slain by an orc warrior
             ... wielding a +0 war axe
              (19 damage)
             ... on level 6 of the Dungeon.
             The game lasted 00:19:47 (3756 turns).

Lavandula the Cleaver (Ghoul Warper)                Turns: 3756, Time: 00:19:47

HP:   -1/61 (62)    AC:  3    Str: 25    XL:     8   Next: 34%
MP:   2/10          EV: 12    Int:  8    God:    Uskayaw [*.....]
Gold: 56            SH:  2    Dex:  9    Spells: 7/11 levels left

rFire    x . .     SeeInvis .   a - +3 hand axe
rCold    + . .     Gourm    .   (no shield)
rNeg     + + +     Faith    .   k - +1 robe of the Ant {rF- Str+9 Slay+3}
rPois    ∞         Spirit   .   (no helmet)
rElec    .         Reflect  +   (no cloak)
rCorr    .         Harm     .   (no gloves)
MR       .....                  (no boots)
Stlth    +.........             r - +2 amulet of reflection
HPRegen  0.00/turn              (no ring)
MPRegen  0.12/turn              (no ring)

@: shrouded, very slightly contaminated, rotting
A: rotting body, claws 1, carnivore 3, cold resistance 1, negative energy
resistance 3, inhibited regeneration, torment resistance, unbreathing
a: Stomp, Renounce Religion


You were on level 6 of the Dungeon.
You worshipped Uskayaw.
Uskayaw was noncommittal.
You were not hungry.

You visited 2 branches of the dungeon, and saw 7 of its levels.

You collected 316 gold pieces.
You spent 260 gold pieces at shops.

Inventory:

Hand Weapons
 a - a +3 hand axe (weapon)
 v - a +0 flail of distortion
Missiles
 e - 5 tomahawks of dispersal (quivered)
 l - 13 tomahawks
Armour
 b - a +0 leather armour
 k - the +1 robe of the Ant (worn) {rF- Str+9 Slay+3}
   (You found it on level 6 of the Dungeon)

   It affects your strength (+9).
   It affects your accuracy and damage with ranged weapons and melee attacks
   (+3).
   It makes you vulnerable to fire.
Magical Staves
 d - an uncursed staff of death
 n - an uncursed staff of summoning
Jewellery
 r - a +2 amulet of reflection (around neck)
Wands
 m - a wand of flame (23/48)
 w - a wand of disintegration (14/24)
Scrolls
 h - 3 scrolls of teleportation
 i - a scroll of magic mapping
 j - 3 scrolls of remove curse
 o - a scroll of blinking
 s - a scroll of fog
 u - 2 scrolls of recharging
Potions
 p - a potion of haste
 q - 5 potions of flight
 t - a potion of invisibility {unknown}
Books
 c - a book of Spatial Translocations

   Spells                             Type                      Level
   a - Blink                          Translocation                2
   b - Shroud of Golubria             Charms/Translocation         2
   c - Lesser Beckoning               Translocation                3
   d - Gell's Gravitas                Translocation                3
   e - Teleport Other                 Translocation                3
   f - Passage of Golubria            Translocation                4
Comestibles
 f - 4 meat rations
 g - 2 royal jellies


   Skills:
 - Level 2.3 Fighting
 + Level 8.9 Axes
 - Level 0.8 Throwing
 - Level 0.8 Armour
 - Level 1.8 Dodging
 - Level 2.0 Spellcasting
 - Level 2.6 Translocations


You had 7 spell levels left.
You knew the following spells:

 Your Spells              Type           Power        Failure   Level  Hunger
a - Blink                 Tloc           N/A          19%         2    ###....
b - Shroud of Golubria    Chrm/Tloc      #.........   30%         2    ###....


Dungeon Overview and Level Annotations

Branches:
Dungeon (6/15)             Temple (1/1) D:5

Altars:
Ashenzari
Kikubaaqudgha
Nemelex Xobeh
Ru
Trog
Uskayaw
Vehumet
Xom
The Shining One

Shops:
D:4 ?

Annotations:
D:2 Sigmund
D:3 Natasha
D:4 exclusion: downstairs


Innate Abilities, Weirdness & Mutations

Your body is rotting away.
You thrive on raw meat.
You are immune to poison.
You have sharp fingernails.
You are carnivorous and can eat meat at any time.
Your flesh is cold resistant. (rC+)
You are immune to negative energy. (rN+++)
You do not regenerate when monsters are visible.
You are immune to unholy pain and torment.
You can survive without breathing.


Message History

The orc warrior hits you with a war axe!
* * * LOW HITPOINT WARNING * * *
Casting: Shroud of Golubria
Confirm with . or Enter, or press ? or * to list all spells.
You miscast Blink.
You are very lightly contaminated with residual magic.
You feel uncomfortable.
Casting: Blink
Confirm with . or Enter, or press ? or * to list all spells.
You blink.
Found a dagger.
Okay, then.
Casting: Blink
Confirm with . or Enter, or press ? or * to list all spells.
Space distorts slightly along a thin shroud covering your body.
Casting: Shroud of Golubria
Confirm with . or Enter, or press ? or * to list all spells.
You miscast Blink.
Nothing appears to happen.
The orc warrior hits you with a war axe!!
You die...

....#............+
#######.)........#
........)........#
#####............#
.## #.#..........#
......#........).#
.######..........#
.# +........o.#
............ .#
#.........@#
?........... .#
######.#####
............ .#
### ............
.# ............ .#
....z....... .#
...........[ .#
#'# .# #.# .# #z#


You could see an orc warrior.

Vanquished Creatures
  A sky beast (D:5)
  2 phantoms
  2 ogres
  2 centaurs
  Blork the orc (D:4)
  2 scorpions
  A wight (D:6)
  An orc priest (D:4)
  A bullfrog zombie (D:5)
  A hound (D:4)
  An orc wizard (D:4)
  4 worker ants
  A hound skeleton (D:6)
  2 adders
  A howler monkey skeleton (D:4)
  4 oozes
  The ghost of Atop the Skirmisher, a weakling OgMo (D:5)
  An adder zombie (D:5)
  6 worms
  A dart slug (D:3)
  2 leopard geckos
  8 orcs
  3 giant cockroaches
  8 goblins
  3 hobgoblins (D:3)
  10 jackals
  3 quokkas
  2 frilled lizards
  A kobold (D:3)
  3 rats
79 creatures vanquished.

Vanquished Creatures (others)
  2 orc wizards (D:4)
  6 orcs (D:4)
8 creatures vanquished.

Grand Total: 87 creatures vanquished

Notes
Turn   | Place    | Note
-------+----------+-------------------------------------------
     0 | D:1      | Lavandula the Ghoul Warper began the quest for the Orb.
     0 | D:1      | Reached XP level 1. HP: 17/17 MP: 2/2
    71 | D:1      | Reached skill level 2 in Axes
    71 | D:1      | Reached XP level 2. HP: 19/23 MP: 4/4
   191 | D:2      | Learned a level 2 spell: Blink
   194 | D:2      | Learned a level 2 spell: Shroud of Golubria
   230 | D:2      | Reached XP level 3. HP: 17/30 MP: 5/5
   293 | D:2      | Noticed a centaur
   310 | D:2      | Killed a centaur
   310 | D:2      | Reached skill level 4 in Axes
   310 | D:2      | Reached XP level 4. HP: 24/37 MP: 2/6
   374 | D:2      | Noticed Sigmund
   426 | D:3      | Noticed Natasha
   849 | D:3      | Reached XP level 5. HP: 41/42 MP: 4/7
   933 | D:4      | Noticed Blork the orc
   944 | D:4      | Killed Blork the orc
   951 | D:4      | Noticed a phantom
   951 | D:4      | Found a radiant altar of Vehumet.
   954 | D:4      | Reached skill level 5 in Axes
  1350 | D:4      | Reached XP level 6. HP: 45/47 MP: 8/8
  1651 | D:5      | Entered Level 5 of the Dungeon
  1753 | D:5      | Reached skill level 6 in Axes
  1792 | D:5      | Noticed a phantom
  1961 | D:4      | Found Xoib's Magic Scroll Shop.
  1969 | D:4      | Bought a scroll of identify for 20 gold pieces
  1969 | D:4      | Bought a scroll of remove curse for 30 gold pieces
  1969 | D:4      | Bought a scroll of fog for 20 gold pieces
  1969 | D:4      | Bought a scroll of enchant weapon for 75 gold pieces
  2036 | D:5      | Reached XP level 7. HP: 9/55 MP: 7/9
  2051 | D:5      | Noticed Atop's ghost (weakling OgMo)
  2497 | D:2      | You fall through a shaft for 2 floors!
  2540 | D:4      | Found a bloodstained altar of Trog.
  2601 | D:5      | Killed Atop's ghost
  2632 | D:5      | Reached skill level 7 in Axes
  2807 | D:5      | Found a staircase to the Ecumenical Temple.
  2941 | D:4      | Bought a scroll of recharging for 95 gold pieces
  2941 | D:4      | Bought a scroll of identify for 20 gold pieces
  3213 | D:6      | Got a tattered robe
  3229 | D:6      | Identified the +1 robe of the Ant {rF- Str+9 Slay+3} (You found it on level 6 of the Dungeon)
  3327 | D:6      | Reached skill level 8 in Axes
  3327 | D:6      | Reached XP level 8. HP: 40/62 MP: 8/10
  3531 | Temple   | Entered the Ecumenical Temple
  3604 | Temple   | Became a worshipper of Uskayaw the Reveler
  3672 | D:6      | Found a sparkling altar of Nemelex Xobeh.
  3689 | D:6      | Reached * piety under Uskayaw
  3691 | D:6      | Reached ** piety under Uskayaw
  3709 | D:6      | Found a burning altar of Makhleb.
  3711 | D:6      | Found an ancient bone altar of Kikubaaqudgha.
  3711 | D:6      | Found an ancient bone altar of Kikubaaqudgha.
  3713 | D:6      | Found a bloodstained altar of Trog.
  3713 | D:6      | Found a shimmering altar of Xom.
  3713 | D:6      | Found an ancient bone altar of Kikubaaqudgha.
  3756 | D:6      | Slain by an orc warrior

Vault maps used:
D:1:      lordsloth_arrival_two_stooges
D:2:      gammafunk_temple_overflow_statue, uniq_crazy_yiuf_cottage,
          uniq_sigmund
D:3:      uniq_natasha
D:4:      kennysheep_mini, fiery_altar_vehumet, serial_shops, shop,
          uniq_blork_the_orc
D:5:      minmay_temple_entry_crystal_x, first_bread
D:6:      doesnt_xom_only_xom, nicolae_overflow_hidden_temple,
          nemelex_xobeh_ov_fountains_minmay
Temple:   minmay_temple_curvy_branch

Skill      XL: |  1  2  3  4  5  6  7 |
---------------+----------------------+-----
Axes           | 2 4 5 6 8 |  8.9
Spellcasting   | 2 |  2.0
Fighting       | |  2.3
Throwing       | |  0.8
Armour         | |  0.8
Dodging        | |  1.8
Translocations | |  2.6

Action                   |  1- 3 |  4- 6 |  7- 9 || total
-------------------------+-------+-------+-------++-------
Melee: Hand axe          |    75 |   189 |   188 ||   452
 Cast: Shroud of Golubri |     2 |    13 |    14 ||    29
       Blink             |       |     1 |     6 ||     7
Evoke: Wand              |       |     1 |     2 ||     3
  Use: Scroll            |       |     7 |     4 ||    11
       Potion            |       |       |     3 ||     3
  Eat: Chunk             |    15 |    31 |    21 ||    67
Armor: Leather armour    |    23 |    22 |    16 ||    61
       Robe              |       |       |     4 ||     4
Dodge: Dodged            |    64 |   107 |    88 ||   259
Block: Other             |       |     1 |    11 ||    12

Table legend:
 A = Spawn XP
 B = Non-spawn XP
 C = Spawn XP percentage of total XP
 D = Spawn monster count
 E = Non-spawn monster count
 F = Spawn count percentage of total count
 G = Total turns spent on level
                    A         B        C        D         E        F      G
               +---------+---------+-------+---------+---------+-------+---------
         Total |       0 |    1592 |   0.0 |       0 |      79 |   0.0 |  3756
               +---------+---------+-------+---------+---------+-------+---------
           D:1 |       0 |      16 |   0.0 |       0 |       6 |   0.0 |   141
           D:2 |       0 |     135 |   0.0 |       0 |      13 |   0.0 |   399
           D:3 |       0 |      28 |   0.0 |       0 |      11 |   0.0 |   751
           D:4 |       0 |     422 |   0.0 |       0 |      19 |   0.0 |  1257
           D:5 |       0 |     744 |   0.0 |       0 |      22 |   0.0 |   816
           D:6 |       0 |     247 |   0.0 |       0 |       8 |   0.0 |   296
               +---------+---------+-------+---------+---------+-------+---------
